 Dungeon Crawl Stone Soup version 0.31.0-32-g396128a36d (webtiles) character file.

Game seed: 16241788537943634070

8744 veyX the Cleaver (level 11, -10/68 HPs)
             Began as a Gargoyle Fighter on Apr 22, 2024.
             Was an Elder of Okawaru.
             Killed from afar by a kobold blastminer (22 damage)
             ... with an iron shot
             ... on level 1 of the Orcish Mines.
             The game lasted 00:39:32 (9084 turns).

veyX the Cleaver (Gargoyle Fighter)                 Turns: 9084, Time: 00:39:32

Health: -10/68     AC: 26    Str: 24    XL:     11   Next: 35%
Magic:  10/11      EV: 31    Int:  9    God:    Okawaru [****..]
Gold:   494        SH:  6    Dex: 15    Spells: 10/10 levels left

rFire   . . .        a - +0 war axe
rCold   . . .        c - +0 buckler
rNeg    + + .        w - +6 scale mail {rN+}
rPois   ∞            (no helmet)
rElec   +            i - +0 cloak
rCorr   .            Q - +0 pair of gloves
SInv    .            O - +0 pair of boots
Will    .....        X - amulet of the acrobat Stlth
                     M - +5 ring of evasion
HPRegen 0.31/turn    G - +6 ring of dexterity
MPRegen 0.12/turn

%: acrobat
@: acrobatic, invisible
A: sickness immunity, AC +8, negative energy resistance 1, electricity
resistance, torment resistance 1, petrification resistance
a: Renounce Religion, Heroism, Finesse


You were on level 1 of the Orcish Mines.
You worshipped Okawaru.
Okawaru was greatly pleased with you.
You visited 3 branches of the dungeon, and saw 14 of its levels.
You also visited: Ossuary.

You collected 746 gold pieces.
You spent 252 gold pieces at shops.

Inventory:

Hand Weapons
 a - a +0 war axe (weapon)
 T - a +0 hand axe of holy wrath
Missiles
 h - 78 stones
 R - 5 boomerangs (quivered)
Armour
 c - a +0 buckler (worn)
 i - a +0 cloak (worn)
 n - a +1 plate armour of fire resistance
 w - a +6 scale mail of positive energy (worn)
 O - a +0 pair of boots (worn)
 Q - a +0 pair of gloves (worn)
 V - a +2 chain mail of cold resistance
Jewellery
 t - a ring of magical power
 C - a ring of fire
 G - a +6 ring of dexterity (right hand)
 H - a ring of see invisible
 M - a +5 ring of evasion (left hand)
 X - an amulet of the acrobat (around neck)
 Z - a ring of ice
Wands
 I - a wand of flame (6)
 Y - a wand of acid (8)
Scrolls
 b - 4 scrolls of amnesia {unknown}
 e - 6 scrolls of identify {unknown}
 f - a scroll of enchant weapon {unknown}
 j - a scroll of torment {unknown}
 k - 2 scrolls of fear {unknown}
 r - a scroll of blinking {unknown}
 x - 6 scrolls of teleportation {unknown}
 y - 4 scrolls of fog {unknown}
 D - 3 scrolls of immolation {unknown}
 E - 3 scrolls of noise {unknown}
 J - a scroll of revelation {unknown}
 N - 3 scrolls of vulnerability {unknown}
 W - a scroll of poison {unknown}
Potions
 d - 3 potions of might
 g - 2 potions of invisibility
 l - 2 potions of brilliance {unknown}
 m - 2 potions of degeneration {unknown}
 o - a potion of heal wounds {unknown}
 p - 3 potions of berserk rage {unknown}
 q - 2 potions of enlightenment {unknown}
 s - 3 potions of magic {unknown}
 u - 3 potions of attraction {unknown}
 v - 6 potions of curing {unknown}
 z - 3 potions of haste {unknown}
 A - 2 potions of resistance {unknown}
 B - a potion of ambrosia {unknown}
 F - a potion of mutation {unknown}
 P - 2 potions of lignification {unknown}


   Skills:
 + Level 8.1 Fighting
 + Level 11.4 Axes
 + Level 2.0 Throwing
 + Level 8.0 Armour
 + Level 3.9 Dodging
 + Level 1.1 Stealth
 + Level 6.7 Shields
 + Level 0.4 Invocations


You had 10 spell levels left.
You didn't know any spells.
Your spell library contained the following spells:

 Spells                   Type           Power      Damage    Failure   Level
 Magic Dart               Conj           0%         1d3       71%         1
 Shock                    Conj/Air       0%         1d3       71%         1
 Mercury Vapours          Alch/Air       0%         N/A       83%         2
 Searing Ray              Conj           0%         2d4       83%         2
 Mephitic Cloud           Conj/Alch/Air  0%         N/A       97%         3
 Swiftness                Air            0%         N/A       97%         3
 Airstrike                Air            0%         2d(0-16)  100%        4
 Fulminant Prism          Conj/Alch      0%         3d5       100%        4
 Freezing Cloud           Conj/Ice/Air   0%         6-21      100%        5


Dungeon Overview and Level Annotations

Branches:
Dungeon (11/15)            Temple (1/1) D:6             Orc (2/2) D:11
Ossuary (visited)
   Lair: D:8-11         Elf: Orc:2

Altars:
Ashenzari
Cheibriados
Dithmenos
Elyvilon
Fedhas
Gozag
Hepliaklqana
Kikubaaqudgha
Makhleb
Nemelex Xobeh
Okawaru
Qazlal
Ru
Sif Muna
Trog
Uskayaw
Vehumet
Wu Jian
Xom
Yredelemnul
Zin
The Shining One

Shops:
D:1 *   D:2 [   D:10 ?

Annotations:
D:3 Sigmund


Innate Abilities, Weirdness & Mutations

You are immune to sickness and miasma.
Your stone body is resilient. (AC +8)
You are immune to poison.
You resist negative energy. (rN+)
You are resistant to electric shocks. (rElec)
You are resistant to unholy torment.
You are immune to petrification.


Message History

Beogh smites you!
* * * LOW HITPOINT WARNING * * *
You block the orc's attack.
You fail to use your ability.
You block the orc wizard's attack. The orc priest barely misses you.
The orc closely misses you.
You gain the combat prowess of a mighty hero.
The kobold blastminer shoots a bolt.
The bolt hits you but does no damage.
The orc wizard hits you but does no damage.
You block the orc priest's attack. The orc closely misses you.
A kobold blastminer comes into view.
You fade into invisibility!
The kobold blastminer shoots a bolt.
The bolt barely misses you.
The orc wizard gestures at you while chanting.
The puff of flame misses you. You block the orc priest's attack.
The orc closely misses you.
You hear a shout!
The kobold blastminer shoots a bolt.
The bolt completely misses you.
The kobold blastminer wields a +0 arbalest.
The kobold blastminer shoots a bolt.
The bolt barely misses the orc.
Things that are here:
a +0 dagger; a +0 robe
Found 6 gold pieces.
You feel like a meek peon again.
The orc shouts!
The orc shouts!
The orc shouts!
The orc shouts!
The orc shouts!
The kobold blastminer shoots a bolt.
The bolt hits you.
* * * LOW HITPOINT WARNING * * *
You hit the orc wizard but do no damage.
You slash the orc wizard!
The orc wizard is severely wounded.
The orc wizard gestures at you while chanting.
You easily resist.
The kobold blastminer shoots a bolt.
The bolt hits the orc wizard!!
The orc wizard dies!
The kobold blastminer blasts its cannon at you.
The iron shot hits you!!
You die...

### ##########
##.#######...#.....
#....K##...........
##$...o.............
#..@..K.............
##.##...............
######o......))$...
#.###....)>)... ...
#.....))...
#.................
#...#..............
...###.............
#.. .............K


You could see 2 kobold blastminers, an orc priest (unable to see you) and an orc
(wandering, unable to see you).

Vanquished Creatures
  3 two-headed ogres
  A kobold blastminer (Orc:1)
  A troll (D:11)
  A hornet (D:10)
  5 yaks (D:8)
  A warg (D:11)
  3 steam dragons
  5 vampire mosquitoes
  An acid dragon (D:8)
  3 water moccasins
  A sky beast (D:7)
  An ice beast (D:6)
  10 orc warriors
  4 centaurs
  An ogre (D:6)
  A phantom (D:5)
  3 kobold brigands
  A bullfrog (D:7)
  7 scorpions
  A wight (D:8)
  A killer bee (D:8)
  An electric eel (D:10)
  2 bombardier beetles
  A howler monkey (D:8)
  4 hounds
  3 human zombies (Ossuary)
  4 jellies
  2 centaur zombies (Ossuary)
  8 orc priests
  4 sleepcaps
  15 orc wizards
  2 scorpion zombies (Ossuary)
  3 mummies (Ossuary)
  4 gnolls
  5 adders
  5 white imps
  2 ufetubi (D:7)
  3 adder zombies (Ossuary)
  A ribbon worm (D:3)
  A dart slug (D:4)
  36 orcs
  3 ball pythons
  8 endoplasms
  3 giant cockroaches
  3 gnoll zombies (Ossuary)
  A hobgoblin (D:4)
  6 jackals
  2 quokkas
  2 ball python zombies (Ossuary)
  4 bats
  3 frilled lizards
  6 goblins
  3 jackal zombies (Ossuary)
  13 kobolds
  4 rats
222 creatures vanquished.

Vanquished Creatures (others)
  A human (D:9)
  An orc wizard (Orc:1)
  An orc (D:7)
  A kobold (D:10)
4 creatures vanquished.

Grand Total: 226 creatures vanquished

Notes
Turn   | Place    | Note
-------+----------+-------------------------------------------
     0 | D:1      | veyX the Gargoyle Fighter began the quest for the Orb.
     0 | D:1      | Reached XP level 1. HP: 14/14 MP: 1/1
    11 | D:1      | Found Akowa's Assorted Antiques.
   365 | D:1      | Reached XP level 2. HP: 19/19 MP: 2/2
   461 | D:1      | Reached skill level 2 in Axes
  1130 | D:2      | Reached XP level 3. HP: 24/24 MP: 3/3
  1278 | D:2      | Found Tadeabur's Antique Armour Emporium.
  1310 | D:2      | Bought a glowing scale mail for 147 gold pieces
  1437 | D:3      | Reached XP level 4. HP: 19/29 MP: 4/4
  1448 | D:3      | Noticed Sigmund
  1454 | D:3      | Reached skill level 3 in Axes
  1531 | D:4      | Found an opulent altar of Gozag.
  1548 | D:4      | Found a sand-covered staircase.
  1556 | Ossuary  | Entered an ossuary
  1581 | Ossuary  | Reached XP level 5. HP: 33/33 MP: 5/5
  1609 | Ossuary  | Reached skill level 1 in Dodging
  1617 | Ossuary  | Reached skill level 4 in Axes
  1620 | Ossuary  | Reached XP level 6. HP: 38/38 MP: 6/6
  1813 | Ossuary  | Reached skill level 5 in Axes
  1830 | Ossuary  | Reached XP level 7. HP: 37/44 MP: 7/7
  2161 | D:4      | Reached skill level 6 in Axes
  2205 | D:4      | Reached skill level 5 in Fighting
  2225 | D:4      | Reached XP level 8. HP: 49/49 MP: 8/8
  2682 | D:3      | Found a broken altar of Ashenzari.
  2850 | D:4      | Reached skill level 5 in Armour
  2864 | D:5      | Entered Level 5 of the Dungeon
  3106 | D:5      | Reached skill level 7 in Axes
  3782 | D:6      | Found a staircase to the Ecumenical Temple.
  3788 | Temple   | Entered the Ecumenical Temple
  3822 | Temple   | Became a worshipper of Warmaster Okawaru
  3893 | D:6      | Reached XP level 9. HP: 28/55 MP: 9/9
  4497 | D:7      | Reached skill level 8 in Axes
  4571 | D:7      | Found a glowing golden altar of the Shining One.
  4742 | D:7      | Reached * piety under Okawaru
  4882 | D:7      | Reached skill level 5 in Shields
  5277 | D:8      | Noticed a two-headed ogre
  5322 | D:8      | Killed a two-headed ogre
  5322 | D:8      | Reached ** piety under Okawaru
  5323 | D:8      | Reached skill level 9 in Axes
  5323 | D:8      | Reached skill level 1 in Throwing
  5586 | D:8      | Reached XP level 10. HP: 58/61 MP: 10/10
  5692 | D:8      | Found a hazy altar of Hepliaklqana.
  5840 | D:8      | Found a shadowy altar of Dithmenos.
  6318 | D:8      | Reached *** piety under Okawaru
  6402 | D:8      | Reached skill level 10 in Axes
  6677 | D:9      | Noticed a two-headed ogre
  6689 | D:9      | Killed a two-headed ogre
  6689 | D:9      | Reached **** piety under Okawaru
  6943 | D:9      | Found an ancient bone altar of Kikubaaqudgha.
  7255 | D:10     | Entered Level 10 of the Dungeon
  7360 | D:10     | Noticed a two-headed ogre
  7604 | D:10     | Found Roib's Magic Scroll Boutique.
  7656 | D:10     | Killed a two-headed ogre
  7657 | D:10     | Reached XP level 11. HP: 47/68 MP: 9/11
  8283 | D:10     | Bought a scroll of enchant armour for 105 gold pieces
  8482 | D:11     | Found a staircase to the Orcish Mines.
  8497 | D:11     | Reached skill level 1 in Stealth
  8529 | Orc:1    | Entered Level 1 of the Orcish Mines
  8547 | Orc:1    | Reached skill level 11 in Axes
  8858 | Orc:2    | Entered Level 2 of the Orcish Mines
  9084 | Orc:1    | Killed from afar by a kobold blastminer

Illustrated notes

Levels and vault maps discovered:
D:1:      dpeg_arrival_water_temple_mockup, layout_basic, serial_shops, shop,
          minmay_misc_feat_alley
D:2:      layout_basic, serial_shops, nicolae_shop_advertising_works
          [nicolae_subvault_shop_adworks], serial_bayou_pond_d,
          minmay_heptomino_l4
D:3:      layout_basic, mainiacjoe_overflow_brackets,
          nicolae_concentric_dashed_squares_mild, nrook_loot_triangle,
          uniq_robin, uniq_sigmund
D:4:      cheibrodos_quashed, layout_cave_pools,
          mainiacjoe_overflow_six_doors_small,
          lightli_ossuary_entry_decrepit_ruins
D:5:      layout_loops_ring
D:6:      layout_rooms, minmay_temple_entry_hall
D:7:      layout_basic, tso_metal_star, grunt_ministairs_15
D:8:      minmay_four_partial_circles, layout_basic, amcnicky_altar_gilded,
          mainiacjoe_overflow_tiny_flanked
D:9:      layout_irregular_city, tgw_kikubaaqudgha
D:10:     layout_irregular_city, serial_shops, nicolae_inconvenience_store
D:11:     layout_grid_maze, david_lair_generic, minmay_orc_entry_temple_small,
          nicolae_vehumet_radiance
Temple:   nicolae_temple_bog_church
Orc:1:    layout_caves
Orc:2:    hellmonk_orc_salted, layout_caves, gauntlet_entry_generic, basic_altar

Skill      XL: |  1  2  3  4  5  6  7  8  9 10 11 |
---------------+----------------------------------+-----
Axes           | 2 3 4 5 6 7 9 10 11 | 11.4
Armour         | 4 5 6 7 8 |  8.0
Fighting       | 4 5 6 7 8 |  8.1
Dodging        | 1 2 3 |  3.9
Shields        | 4 5 6 |  6.7
Throwing       | 1 2 |  2.0
Stealth        | 1 |  1.1
Invocations    | |  0.4

Action                     |  1- 3 |  4- 6 |  7- 9 | 10-12 || total
---------------------------+-------+-------+-------+-------++-------
  Melee: War axe           |   104 |   140 |   362 |   325 ||   931
  Throw: Stone             |     4 |       |    32 |       ||    36
         Boomerang         |       |       |       |    31 ||    31
 Invoke: Heroism           |       |       |     1 |     6 ||     7
    Use: Potion            |       |       |     1 |     1 ||     2
         Scroll            |       |       |       |     2 ||     2
 Armour: Scale mail        |    79 |   106 |   303 |   258 ||   746
  Dodge: Dodged            |    61 |    51 |   191 |   294 ||   597
  Block: Buckler           |    27 |    35 |   100 |   120 ||   282
